AoeStats
← Ux'RaúlME

Arena

506038326Analyzed
1v1 RM · 21d ago on Sep 12, 2026· 39m 11s· 2 players
Game mode
Random Map
Map size
Tiny (2 player)
Population
200
Speed
Normal
Resources
Standard
Victory
Conquest
Starting age
Dark Age
Ending age
Imperial Age
RankedLock teamsTeams togetherTeam positionsShared explorationLock speedFull tech treeHidden civsTurbo modeCheats
Victory
Defeat
🇲🇽 Bohemians · Mexico
1441
+17
🇧🇴 Spanish · Bolivia
1472
-17
Ux'RaúlME
10:39 Feudal Age
10:01 Loom
12:45 Double-Bit Axe
15:06 Castle Age
13:01 Horse Collar
18:55 Fervor
20:55 Sanctity
22:59 Fletching
28:43 Heavy Plow
35:11 Imperial Age
33:48 Wheelbarrow
33:37 Town Watch
35:13 Chemistry
34:52 Redemption
35:18 Bodkin Arrow
38:27 Conscription
38:01 Town Watch
38:38 Block Printing
38:56 Bow Saw
39:29 Wagenburg Tactics
DSLG | GORDA CACHONDA
3:14 Loom
10:43 Feudal Age
14:52 Castle Age
24:41 Loom
32:36 Wheelbarrow
32:36 Double-Bit Axe
32:37 Horse Collar
33:28 Atonement
33:52 Inquisition
38:04 Imperial Age
36:46 Sanctity
35:54 Light Cavalry
37:13 Bloodlines
37:19 Husbandry
37:34 Scale Barding Armor
38:08 Hussar
40:18 Chemistry
Connection lost

Rejoining the realm…

Still unreachable

The connection could not be restored.

Session expired

The server has moved on; the page needs a fresh start.